 Dungeon Crawl Stone Soup version 0.18.1-50-g88ac8fd (webtiles) character file.

121 Patate the Shooter (level 4, -5/40 HPs)
             Began as a Centaur Hunter on Oct 23, 2016.
             Killed by nerve-wracking pain
             ... invoked by a shadow imp
             ... summoned by Natasha
              (11 damage)
             ... on level 2 of the Dungeon.
             The game lasted 00:07:23 (2767 turns).

Patate the Shooter (Centaur Hunter)                 Turns: 2767, Time: 00:07:23

Health: -5/40      AC:  6    Str: 13 (16) XL:     4   Next: 76%
Magic:  4/4        EV:  9    Int: 14 (15) God:
Gold:   108        SH:  0    Dex:  8 (9)  Spells: 0 memorised, 3 levels left

rFire  . . .     SeeInvis .     b - +0 short sword
rCold  . . .     Gourm    .     c - +0 leather armour
rNeg   . . .     Faith    .     (no shield)
rPois  .         Spirit   .     (no helmet)
rElec  .         Dismiss  .     k - +0 cloak
rCorr  .         Reflect  .     g - +0 pair of gloves
SustAt .         Harm     .     (no barding)
MR     .....                    (no amulet)
Stlth  ..........               (no ring)
                                (no ring)

@: brilliant, slowed, not resistant to hostile enchantments, extremely
unstealthy
A: hooves 3, deformed body, speed 2, tough skin 3
a: no special abilities


You were on level 2 of the Dungeon.
You were hungry.

You visited 1 branch of the dungeon, and saw 3 of its levels.

You collected 108 gold pieces.

Inventory:

Hand Weapons
 a - a +1 shortbow
 b - a +0 short sword (weapon)
Armour
 c - a +0 leather armour (worn)
 g - a +0 pair of gloves (worn)
 k - a +0 cloak (worn)
Jewellery
 d - an uncursed ring of fire {unknown}
Scrolls
 e - a scroll of fog {unknown}
 h - 4 scrolls of identify {unknown}
 m - 2 scrolls of remove curse {unknown}
 o - a scroll of enchant weapon {unknown}
 q - a scroll of noise {unknown}
Potions
 n - a potion of brilliance
Comestibles
 f - 2 bread rations
 i - a fruit


   Skills:
 + Level 3.8 Fighting
 + Level 6.8 Bows
 - Level 1.3 Dodging
 - Level 0.5 Stealth


You had 3 spell levels left.
You didn't know any spells.

Dungeon Overview and Level Annotations

Branches:
Dungeon (3/15)

Altars:
Makhleb

Annotations:
D:2 Natasha


Innate Abilities, Weirdness & Mutations

You have hooves in place of feet.
Armour fits poorly on your strangely shaped body.
You cover ground very quickly.
You have extremely tough skin (AC +3).


Message History

Natasha claws you.
* * * LOW HITPOINT WARNING * * *
The crimson imp blinks!
Natasha claws you but does no damage.
Natasha hisses.
Natasha casts a spell at you.
You feel yourself slow down. Natasha casts a spell at you.
You feel as though you will be slow longer.
Natasha stares at you and mumbles some strange words.
The magic dart hits you!
* * * LOW HITPOINT WARNING * * *
You see here a club.
Natasha hisses.
Natasha stares at you and mumbles some strange words.
You resist with some effort.
Natasha casts a spell.
The shadow imp gestures at you. Pain shoots through your body!
You die...

#.....#)# #.........
##.###.#h# #.........
######....#.#.# #......5..
#.........#.#.# #####§####
#.####....#.#.# #.#### #.#
#....#h#.# #...h5
#.####....#5#.# ######
#......#.##.#.# ##
#......#.##@#.#############.
#......#.##.#>....5.........
#......#.##.#.#############.
#......#.##.#.# #.
#......#.##.#.# ##
#.....†#.##.#.#
#......#....#.#
##.....######.#
#....<#....#.#


You could see Natasha and a shadow imp.

Vanquished Creatures
  Natasha (D:2)
  4 adders
  4 worms
  A dart slug (D:1)
  2 giant geckos
  2 giant cockroaches
  8 goblins
  3 hobgoblins (D:2)
  4 jackals
  4 kobolds
  A quokka (D:2)
  2 ball pythons (D:1)
  3 bats
  A giant newt (D:1)
  6 rats
46 creatures vanquished.

Notes
Turn   | Place    | Note
--------------------------------------------------------------
     0 | D:1      | Patate the Centaur Hunter began the quest for the Orb.
     0 | D:1      | Reached XP level 1. HP: 17/17 MP: 1/1
   345 | D:1      | Reached XP level 2. HP: 25/25 MP: 2/2
   926 | D:2      | Reached skill level 6 in Bows
   926 | D:2      | Reached XP level 3. HP: 30/30 MP: 3/3
  1045 | D:2      | Noticed Natasha
  1061 | D:2      | Killed Natasha
  1502 | D:2      | Found a burning altar of Makhleb.
  1760 | D:2      | Reached XP level 4. HP: 38/38 MP: 4/4
  2135 | D:2      | Noticed Natasha
  2767 | D:2      | Killed from afar by a shadow imp

Skill      XL: |  1  2  3 |
---------------+----------+-----
Bows           | 6 |  6.8
Fighting       | 3 |  3.8
Dodging        | |  1.3
Stealth        | |  0.5

Action                   |  1- 3 |  4- 6 || total
-------------------------+-------+-------++-------
Melee: Short sword       |    28 |    81 ||   109
       Kick              |     7 |    20 ||    27
 Fire: Shortbow          |    84 |    26 ||   110
Throw: Tomahawk          |       |     3 ||     3
  Use: Potion            |       |     4 ||     4
  Eat: Chunk             |     2 |     2 ||     4
Armor: Leather armour    |    19 |    43 ||    62
Dodge: Dodged            |    30 |    54 ||    84
